 Dungeon Crawl Stone Soup version 0.19.0-2-gae57169 (webtiles) character file.

131 Peloso the Slasher (level 5, -10/54 HPs)
             Began as a Halfling Fighter on Nov 7, 2016.
             Killed by divine providence
             ... invoked by an orc priest
              (11 damage)
             ... on level 4 of the Dungeon.
             The game lasted 00:05:41 (2439 turns).

Peloso the Slasher (Halfling Fighter)               Turns: 2439, Time: 00:05:42

Health: -10/54     AC: 22    Str: 18    XL:     5   Next: 37%
Magic:  5/5        EV:  3    Int:  6    God:
Gold:   104        SH: 10    Dex: 14    Spells: 0 memorised, 4 levels left

rFire  . . .     SeeInvis .     a - +0 long sword
rCold  . . .     Gourm    .     (armour currently unavailable)
rNeg   + + +     Faith    .     c - +0 shield
rPois  +         Spirit   .     (helmet currently unavailable)
rElec  .         Reflect  .     (cloak currently unavailable)
rCorr  .         Harm     .     (gloves currently unavailable)
MR     .....     NoTele   +     (boots currently unavailable)
Stlth  +.........               (no amulet)
                                (no ring)
                                A - ring of poison resistance

@: tree-form, hasted, very quick
A: mutation resistance 1
a: no special abilities


You were on level 4 of the Dungeon.
You were very hungry.
You were a tree.
You visited 1 branch of the dungeon, and saw 4 of its levels.

You collected 104 gold pieces.

Inventory:

Hand Weapons
 a - a +0 long sword (weapon)
Armour
 b - a +0 scale mail (melded)
 c - a +0 shield (worn)
Jewellery
 A - a ring of poison resistance (left branch)
Wands
 w - a wand of polymorph (5/24)
 D - a wand of iceblast (7/15)
Scrolls
 e - a scroll of recharging {unknown}
 j - 5 scrolls of identify {unknown}
 l - 4 scrolls of remove curse {unknown}
 q - a scroll of enchant armour {unknown}
 r - a scroll of teleportation {unknown}
 t - a scroll of fear {unknown}
 u - a scroll of magic mapping {unknown}
 x - a scroll of fog {unknown}
 y - a scroll of immolation {unknown}
Potions
 d - a potion of might
 g - a potion of brilliance {unknown}
 h - a potion of haste
 i - a potion of cancellation {unknown}
 k - a potion of lignification
 m - 2 potions of agility {unknown}
 n - 2 potions of cure mutation
 o - 2 potions of degeneration {unknown}
 z - 2 potions of curing {unknown}
 B - a potion of heal wounds {unknown}
Comestibles
 f - 3 bread rations
 p - 2 beef jerkies
 s - a meat ration
 v - 4 fruits


   Skills:
 + Level 3.1 Fighting
 + Level 3.9 Long Blades
 + Level 3.7 Armour
 + Level 1.2 Dodging
 + Level 3.8 Shields


You had 4 spell levels left.
You didn't know any spells.

Dungeon Overview and Level Annotations

Branches:
Dungeon (4/15)
 Temple: D:4-7

Altars:
Gozag
Yredelemnul
The Shining One


Innate Abilities, Weirdness & Mutations

You are small and have problems with some larger weapons.
You are somewhat resistant to further mutation.


Message History

The orc priest looks encouraged for a moment.
You block the orc's attack. The orc wizard casts a spell at you.
The magic dart hits you!
* * * LOW HITPOINT WARNING * * *
It was a potion of cure mutation.
It has a very clean taste.
You block the orc priest's attack. You block the orc's attack.
The orc wizard barely misses you.
It was a potion of lignification.
You turn into a tree.
Your +0 scale mail melds into your body.
Your roots penetrate the ground.
The orc priest invokes the aid of Beogh against you.
You are unaffected.
The orc wizard hits you but does no damage.
The orc completely misses you.
You riposte.
Your shield prevents you from hitting the orc.
It was a potion of haste.
You feel yourself speed up.
The orc priest mumbles some strange prayers to Beogh against you.
Beogh smites you!
You die...

...#..).......##
...............#
.<....>........#
...............#
..............##
........##...##
........##...#
........##...######.#.##
#######.##......♣o.....#
.##.#...oo.####..
....#+#..## ....# ##..#
#.?..# ##.# #...# #..
###. ... . ...


You could see an orc priest, an orc wizard and an orc.

Vanquished Creatures
  An iguana (D:3)
  An adder (D:3)
  3 oozes
  4 worms
  2 dart slugs
  4 leopard geckos
  3 orcs (D:3)
  3 giant cockroaches (D:1)
  9 goblins
  8 hobgoblins
  A jackal (D:3)
  A quokka (D:2)
  A ball python (D:2)
  5 bats
  4 frilled lizards
  7 kobolds
  5 rats
62 creatures vanquished.

Notes
Turn   | Place    | Note
-------+----------+-------------------------------------------
     0 | D:1      | Peloso the Halfling Fighter began the quest for the Orb.
     0 | D:1      | Reached XP level 1. HP: 15/15 MP: 1/1
   178 | D:1      | Reached XP level 2. HP: 21/21 MP: 2/2
   608 | D:1      | Reached XP level 3. HP: 26/26 MP: 3/3
   814 | D:2      | Found a glowing golden altar of the Shining One.
  1104 | D:2      | Found a basalt altar of Yredelemnul.
  1272 | D:2      | Reached XP level 4. HP: 30/31 MP: 4/4
  1995 | D:3      | Reached XP level 5. HP: 36/36 MP: 5/5
  2191 | D:3      | Found an opulent altar of Gozag.
  2243 | D:3      | Reached skill level 1 in Dodging
  2436 | D:4      | HP: 1/36 [orc wizard/magic dart (9)]
  2439 | D:4      | Killed from afar by an orc priest

Skill      XL: |  1  2  3  4  5 |
---------------+----------------+-----
Fighting       | 3 |  3.1
Long Blades    | 3 |  3.9
Dodging        | 1 |  1.2
Armour         | |  3.7
Shields        | |  3.8

Action                   |  1- 3 |  4- 6 || total
-------------------------+-------+-------++-------
Melee: Long sword        |    94 |   131 ||   225
  Use: Potion            |       |     3 ||     3
  Eat: Chunk             |     1 |     3 ||     4
Armor: Scale mail        |    26 |    69 ||    95
Dodge: Dodged            |    34 |    54 ||    88
Block: Shield            |    38 |    98 ||   136
       Rpst.: Long sword |    11 |    16 ||    27
